 Dungeon Crawl Stone Soup version 0.31-a0-986-g5e6e4ef867 (webtiles) character file.

Game seed: 8807333584753594094

3698 FakeRyeBread the Grappler (level 9, -1/89 HPs)
             Began as a Troll Fighter on Nov 9, 2023.
             Was a Priest of Wu Jian.
             Slain by a two-headed ogre
             ... wielding a +0 giant club
              (14 damage)
             ... on level 8 of the Dungeon.
             The game lasted 00:13:10 (6538 turns).

FakeRyeBread the Grappler (Troll Fighter)           Turns: 6538, Time: 00:13:10

Health: -1/89      AC:  6    Str: 26    XL:     9   Next: 91%
Magic:  8/8        EV: 14    Int:  8    God:    Wu Jian [***...]
Gold:   311        SH: 12    Dex:  9    Spells: 8/8 levels left

rFire   . .          .
                       - Unarmed
rCold   . . .        b - +3 kite shield
rNeg    . . .        a - +0 robe
rPois   .            (helmet restricted)
rElec   .            o - +1 cloak {Will+}
rCorr   .            (gloves unavailable)
SInv    .            (boots unavailable)
Will    +....        (no amulet)
Stlth   +            f - +5 ring of evasion
HPRegen 1.14/turn    (no ring)
MPRegen 0.11/turn

%: no passive effects
@: about to teleport
A: large, unfitting armour, claws 3, regeneration 1, shaggy fur 1, tough skin 1
a: Renounce Religion, Wall Jump, Serpent's Lash


You were on level 8 of the Dungeon.
You worshipped Wu Jian.
Wu Jian was most pleased with you.
You visited 1 branch of the dungeon, and saw 8 of its levels.
You also visited: Ossuary.

You collected 311 gold pieces.

Inventory:

Missiles
 e - 3 javelins
 n - 9 boomerangs
 p - 23 poisoned darts
 v - 2 throwing nets
Armour
 a - a +0 robe (worn)
 b - a +3 kite shield (worn)
 o - a +1 cloak of willpower (worn)
 q - a scarf of resistance
Jewellery
 f - a +5 ring of evasion (left claw)
Wands
 t - a wand of flame (19)
Scrolls
 i - 5 scrolls of teleportation
 s - 2 scrolls of revelation
 x - a scroll of vulnerability
 y - 2 scrolls of brand weapon
Potions
 c - 3 potions of might
 d - 4 potions of haste
 g - 6 potions of degeneration
 h - a potion of enlightenment {unknown}
 j - 4 potions of curing {unknown}
 k - 2 potions of resistance {unknown}
 l - a potion of berserk rage {unknown}
 m - a potion of brilliance {unknown}
 r - 3 potions of lignification
 u - a potion of ambrosia
 w - a potion of mutation {unknown}


   Skills:
 + Level 6.2 Fighting
 + Level 3.8 Dodging
 + Level 6.8 Shields
 * Level 10.0 Unarmed Combat


You had 8 spell levels left.
You didn't know any spells.
Your spell library contained the following spells:

 Spells                   Type           Power      Damage    Failure   Level
 Kiss of Death            Conj/Necr      0%         2d5       63%         1
 Sandblast                Erth           0%         2d4       63%         1
 Shock                    Conj/Air       0%         1d3       63%         1
 Ensorcelled Hibernation  Hex/Ice        0%         N/A       77%         2
 Jinxbite                 Hex            0%         N/A       77%         2
 Passwall                 Tmut/Erth      0%         N/A       77%         2
 Call Canine Familiar     Summ           0%         N/A       94%         3
 Confusing Touch          Hex            0%         N/A       94%         3
 Sigil of Binding         Hex            0%         N/A       94%         3
 Stone Arrow              Conj/Erth      0%         3d7       94%         3
 Swiftness                Air            0%         N/A       94%         3
 Airstrike                Air            0%         2d(0-16)  100%        4
 Anguish                  Hex/Necr       0%         N/A       100%        4
 Brom's Barrelling Bould  Conj/Erth      0%         2d3       100%        4
 Dimensional Bullseye     Hex/Tloc       0%         N/A       100%        4
 Dispel Undead            Necr           0%         3d6       100%        4
 Leda's Liquefaction      Hex/Erth       0%         N/A       100%        4


Dungeon Overview and Level Annotations

Branches:
Dungeon (8/15)             Temple (0/1) D:6         Ossuary (visited)
   Lair: D:8-11

Altars:
Wu Jian
Xom
Yredelemnul

Annotations:
D:6 3 runed translucent doors, croobank's ghost, weakling OpDe


Innate Abilities, Weirdness & Mutations

You are too large for most types of armour.
You have claws for hands.
Your natural rate of healing is unusually fast.
You are covered in fur. (AC +1)
You have tough skin. (AC +1)


Message History

A two-headed ogre comes into view.
It is wielding a +0 giant club and a +0 giant spiked club.
The two-headed ogre shouts in stereo!
A two-headed ogre is nearby!
You scratch the two-headed ogre.
The two-headed ogre is lightly wounded.
The two-headed ogre misses you. You block the two-headed ogre's attack.
You barely miss the two-headed ogre.
The two-headed ogre is lightly wounded.
You spin and attack the two-headed ogre.
You scratch the two-headed ogre.
The two-headed ogre is lightly wounded.
The two-headed ogre hits you with a +0 giant club!
The two-headed ogre closely misses you.
You mangle the two-headed ogre!!
The two-headed ogre is heavily wounded.
The two-headed ogre closely misses you.
The two-headed ogre hits you with a +0 giant spiked club!!
You scratch the two-headed ogre but do no damage.
The two-headed ogre is heavily wounded.
You closely miss the two-headed ogre.
The two-headed ogre is heavily wounded.
You block the two-headed ogre's attack.
The two-headed ogre hits you with a +0 giant spiked club!!
* * * LOW HITPOINT WARNING * * *
Okay, then.
Okay, then.
As you read the scroll of teleportation, it crumbles to dust.
You feel strangely unstable.
The two-headed ogre hits you with a +0 giant club!
* * * LOW HITPOINT WARNING * * *
The two-headed ogre closely misses you.
You spin and attack the two-headed ogre repeatedly.
You mangle the two-headed ogre!!
The two-headed ogre is almost dead.
You scratch the two-headed ogre.
The two-headed ogre is almost dead.
The two-headed ogre attacks as it pursues you!
You block the two-headed ogre's attack.
The two-headed ogre hits you with a +0 giant spiked club!
You die...

#.......O.......
............<...
##..........>..
........##...# ...
#..$...†#.# ....
##.......#.## ....
#........#..## ...#
..........O...###..##
.#........#@...#....#
###......##...>#.# ..
#.....#####....## ...
...##.##
##..#...###.# .. #..#
## #..###.##..##...
#..
###..##.......#...
.#...)..#..........
..........#..........
.....................


You could see a two-headed ogre.

Vanquished Creatures
  A two-headed ogre (D:5)
  A gargoyle (D:6)
  A hornet (D:8)
  Grinder (D:3)
  A wyvern (D:8)
  An ice beast (D:6)
  An orc warrior (D:6)
  3 ogres
  3 elf zombies (Ossuary)
  A kobold brigand (D:6)
  3 bullfrogs
  A gnoll sergeant (D:7)
  A scorpion (D:7)
  6 killer bees (D:7)
  2 centaur zombies (Ossuary)
  A hound (D:6)
  6 orc priests
  Crazy Yiuf (D:4)
  A gnoll bouda (D:6)
  2 iguanas
  5 orc wizards
  3 sleepcaps
  Natasha (D:4)
  2 mummies (Ossuary)
  Robin (D:4)
  8 gnolls
  7 adders
  A shadow imp (D:5)
  A white imp (D:7)
  6 ufetubi
  An adder zombie (Ossuary)
  2 dart slugs (D:4)
  24 orcs
  4 endoplasms
  4 giant cockroaches
  13 goblins
  7 hobgoblins
  3 jackals (D:1)
  8 kobolds
  3 quokkas
  8 ball pythons
  8 bats
  2 frilled lizards
  A goblin zombie (Ossuary)
  7 hobgoblin zombies (Ossuary)
  A jackal zombie (Ossuary)
  11 kobold zombies (Ossuary)
  9 orc zombies (Ossuary)
  6 rats
  2 rat zombies (Ossuary)
197 creatures vanquished.

Vanquished Creatures (others)
  A goblin (D:4)
1 creature vanquished.

Grand Total: 198 creatures vanquished

Notes
Turn   | Place    | Note
-------+----------+-------------------------------------------
     0 | D:1      | FakeRyeBread the Troll Fighter began the quest for the Orb.
     0 | D:1      | Reached XP level 1. HP: 22/22 MP: 0/0
   106 | D:1      | Found a faded altar of an unknown god.
   136 | D:1      | Reached XP level 2. HP: 29/29 MP: 1/1
   850 | D:2      | Reached XP level 3. HP: 32/36 MP: 2/2
  1011 | D:2      | Reached skill level 3 in Unarmed Combat
  1205 | D:2      | Found a shimmering altar of Xom.
  1348 | D:3      | Reached XP level 4. HP: 44/44 MP: 3/3
  1355 | D:3      | Found a basalt altar of Yredelemnul.
  1574 | D:3      | Noticed Grinder
  1587 | D:3      | Paralysed by Grinder for 3 turns
  1590 | D:3      | Killed Grinder
  1591 | D:3      | Reached skill level 4 in Unarmed Combat
  1591 | D:3      | Reached XP level 5. HP: 25/53 MP: 4/4
  1591 | D:3      | Reached XP level 6. HP: 29/61 MP: 5/5
  1889 | D:4      | Reached skill level 5 in Unarmed Combat
  2084 | D:4      | You fall into a shaft and drop 3 floors!
  2137 | D:6      | Found a runed translucent gate.
  2137 | D:6      | Found a runed translucent gate.
  2138 | D:6      | Found a runed translucent gate.
  2147 | D:6      | Noticed an ice beast
  2151 | D:5      | Entered Level 5 of the Dungeon
  2275 | D:5      | Found an ornate altar of the Wu Jian Council.
  2303 | D:5      | Became a worshipper of the Wu Jian Council
  2360 | D:5      | Noticed a two-headed ogre
  2469 | D:5      | Killed a two-headed ogre
  2470 | D:5      | Reached skill level 5 in Shields
  2470 | D:5      | Reached skill level 6 in Unarmed Combat
  2470 | D:5      | Reached XP level 7. HP: 69/71 MP: 6/6
  2470 | D:5      | Reached XP level 8. HP: 77/79 MP: 7/7
  2499 | D:5      | Reached skill level 7 in Unarmed Combat
  2706 | D:5      | Found a sand-covered staircase.
  2711 | Ossuary  | Entered an ossuary
  2773 | Ossuary  | Reached * piety under Wu Jian
  2955 | D:5      | Reached ** piety under Wu Jian
  2967 | D:5      | Reached skill level 5 in Fighting
  3533 | D:4      | Reached skill level 8 in Unarmed Combat
  3644 | D:4      | Noticed Robin
  3654 | D:4      | Killed Robin
  3754 | D:4      | Found a runed translucent door.
  3755 | D:4      | Noticed Crazy Yiuf
  3963 | D:4      | Noticed Natasha
  3976 | D:4      | Killed Natasha
  4177 | D:4      | Killed Crazy Yiuf
  4631 | D:6      | Noticed croobank's ghost (weakling OpDe)
  4722 | D:6      | Noticed a gargoyle
  4729 | D:6      | Found a staircase to the Ecumenical Temple.
  4733 | D:6      | Reached XP level 9. HP: 40/88 MP: 8/8
  4744 | D:6      | Killed a gargoyle
  4789 | D:6      | Reached skill level 9 in Unarmed Combat
  5058 | D:6      | Reached *** piety under Wu Jian
  6523 | D:8      | Reached skill level 10 in Unarmed Combat
  6523 | D:8      | Noticed a two-headed ogre
  6538 | D:8      | Slain by a two-headed ogre

Illustrated notes

Levels and vault maps discovered:
D:1:      dpeg_arrival_lava_temple_mockup, layout_loops_ring,
          nicolae_ecumenical_lake_church
D:2:      layout_basic, basic_altar, nicolae_figureground_sparkle
D:3:      layout_rooms, mainiacjoe_overflow_six_doors_small, uniq_grinder
D:4:      layout_cave_pods, hangedman_abyss_or_decor_stagger,
          hangedman_decor_push, uniq_robin, uniq_natasha,
          uniq_crazy_yiuf_cottage
D:5:      layout_loops_ring, mainiacjoe_overflow_cross_hatched,
          serial_co_window_serial, co_window_corner_a, co_window_paths_a,
          co_window_of_opportunity_a, co_window_corner_a, co_window_corner_a,
          co_window_of_opportunity_a, co_window_cross_1,
          co_window_unsneaky_path_d, co_window_corner_b, co_window_paths_c,
          co_window_4corner_b, glass_columns_a, glass_columns_b,
          enter_ossuary_3, minmay_strange_pillars
D:6:      layout_cave_pools, minmay_temple_entry_trees,
          biasface_ghost_orc_armoury, blue_anna_alchemist
D:7:      layout_layer_cave, grunt_decor_one_mirror
D:8:      layout_cave_pools, lemuel_tele_altar, gammafunk_temple_overflow_pools,
          uniq_joseph

Skill      XL: |  1  2  3  4  5  6  7  8  9 |
---------------+----------------------------+-----
Shields        | 3 5 6 |  6.8
Unarmed Combat | 3 4 6 8 10 | 10.0
Fighting       | 3 4 5 6 |  6.2
Dodging        | 3 |  3.8

Action                     |  1- 3 |  4- 6 |  7- 9 || total
---------------------------+-------+-------+-------++-------
  Melee: Unarmed           |   122 |   103 |   371 ||   596
Ability: Lunge             |       |     2 |    13 ||    15
         Whirlwind         |       |       |    18 ||    18
    Use: Scroll            |     3 |     4 |     6 ||    13
   Stab: Sleeping          |     2 |     2 |       ||     4
 Armour: Robe              |    65 |    51 |   144 ||   260
  Dodge: Dodged            |    50 |    43 |   210 ||   303
  Block: Kite shield       |    48 |    51 |   225 ||   324

Table legend: (Time is in decaauts)
 A = Elapsed time spent in this place.
 B = Non-inter-level travel time spent in this place.
 C = Inter-level travel time spent in this place.
 D = Time resting spent in this place.
 E = Time spent auto-exploring this place.
 F = Levels seen in this place.
 G = Mean time per level.
                   A        B        C        D        E       F      G
               +--------+--------+--------+--------+--------+-----+--------+
         Total |   6529 |   5806 |    723 |    125 |   4425 |   9 |  725.4 |
       Dungeon |   6292 |   5569 |    723 |    125 |   4407 |   8 |  786.5 |
       Ossuary |    237 |    237 |      0 |      0 |     18 |   1 |  237.0 |
               +--------+--------+--------+--------+--------+-----+--------+

Top non-repeatable levels by time:
     D:7: 1387 daAuts
     D:5: 1301 daAuts
     D:4: 1082 daAuts
     D:1: 802 daAuts
     D:3: 617 daAuts
     D:6: 543 daAuts
     D:2: 517 daAuts
 Ossuary: 237 daAuts
     D:8: 40 daAuts
